 Dungeon Crawl Stone Soup version 0.32-a0-818-gb728d0252e (webtiles) character file.

Game seed: 11499433066757918708

39 cforsyth the Digger (level 3, -3/19 HPs)
             Began as a Deep Elf Earth Elementalist on Mar 24, 2024.
             Killed from afar by an orc wizard (7 damage)
             ... with a puff of flame
             ... on level 3 of the Dungeon.
             The game lasted 00:01:23 (1451 turns).

cforsyth the Digger (Deep Elf Earth Elementalist)   Turns: 1451, Time: 00:01:24

Health: -3/19      AC:  2    Str:  5    XL:     3   Next: 28%
Magic:  3/10       EV: 12    Int: 21    God:
Gold:   66         SH:  0    Dex: 15    Spells: 8/9 levels left

rFire   . . .        (no weapon)
rCold   . . .        (no shield)
rNeg    . . .        a - +0 robe
rPois   .            (no helmet)
rElec   .            (no cloak)
rCorr   .            (no gloves)
SInv    .            (no boots)
Will    .....        (no amulet)
Stlth   ++           (no ring)
HPRegen 0.23/turn    (no ring)
MPRegen 0.12/turn

%: no passive effects
@: no status effects
A: no striking features
a: no special abilities


You were on level 3 of the Dungeon.
You visited 1 branch of the dungeon, and saw 3 of its levels.

You collected 66 gold pieces.


   Skills:
 + Level 3.0 Dodging
 + Level 3.0 Stealth
 + Level 3.5 Spellcasting
 + Level 1.8 Conjurations
 + Level 3.6 Earth Magic


You had 8 spell levels left.
You knew the following spells:

 Your Spells              Type           Power      Damage    Failure   Level
z - Sandblast             Erth           38%        2d10      2%          1

Your spell library contained the following spells:

 Spells                   Type           Power      Damage    Failure   Level
 Passwall                 Erth           19%        N/A       9%          3
 Stone Arrow              Conj/Erth      30%        3d8       12%         3
 Brom's Barrelling Bould  Conj/Erth      15%        2d4       38%         4
 Petrify                  Alch/Erth      11%        N/A       52%         4

Inventory:

Armour
 a - a +0 robe (worn)
 e - a scarf of repulsion
Scrolls
 c - a scroll of enchant armour {unknown}
 h - a scroll of immolation {unknown}
Potions
 b - a potion of magic
 d - a potion of degeneration {unknown}
 f - a potion of might {unknown}
 g - a potion of brilliance {unknown}

Dungeon Overview and Level Annotations

Branches:
Dungeon (3/15)

Altars:

. .. ... #######
.... #.....# .....
#.###.#
.....)#.#@#.#
#.).#.#.# #.#.{.#.#
###########.#######
#...........#.....#
#.###.#####.#.###[#
#.#.#.# #.#.#.#.#
#.#.#.#.###.#.#.#.#
#...#.#...).....#.#


There were no monsters in sight!


Message History

The orc throws a boomerang.
The boomerang hits you.
* * * LOW HITPOINT WARNING * * *
Unknown command.
Casting: Sandblast (safe; 2% risk of failure)
Confirm with . or Enter, or press ? or * to list all spells.
Aiming: Sandblast (safe; 2% risk of failure)
Press: ? - help, Shift-Dir - straight line, f/p - orc
Aim: an orc, wielding a +0 whip and quivering boomerangs (heavily wounded, 82% to hit)
The blast of sand hits the orc!
You kill the orc!
Something barely misses you. Something hits you but does no damage.
The orc hits you but does no damage.
Unknown command.
Casting: Sandblast (safe; 2% risk of failure)
Confirm with . or Enter, or press ? or * to list all spells.
Aiming: Sandblast (safe; 2% risk of failure)
Press: ? - help, Shift-Dir - straight line, f/p - orc
Aim: an orc, wielding a +0 whip and quivering boomerangs (heavily wounded, 82% to hit)
The blast of sand hits the orc!
You kill the orc!
Something hits you.
* * * LOW HITPOINT WARNING * * *
Your Dodging skill increases to level 3!
Something hits you.
* * * LOW HITPOINT WARNING * * *
Something hits you but does no damage.
You hear some strange, mumbled words.
A puff of flame appears from out of thin air!
The puff of flame hits you!
You die...

Skill      XL: |  1  2  3 |
---------------+----------+-----
Stealth        | 3 |  3.0
Dodging        | 3 |  3.0
Spellcasting   | |  3.5
Conjurations   | |  1.8
Earth Magic    | |  3.6

Action                     || total
---------------------------++-------
   Cast: Sandblast         ||    45
 Armour: Robe              ||    18
  Dodge: Dodged            ||    18

Levels and vault maps discovered:
D:1:      minmay_arrival_plants_in_alcoves, layout_basic
D:2:      layout_loops_ring, ebering_ecumenical_altar_petrified, kennysheep_nub
D:3:      mumra_celtic_spiral_tile, layout_rooms, gammafunk_ghost_grave

Notes
Turn   | Place    | Note
-------+----------+-------------------------------------------
     0 | D:1      | cforsyth the Deep Elf Earth Elementalist began the quest
                  | for the Orb.
     0 | D:1      | Reached XP level 1. HP: 10/10 MP: 6/6
   178 | D:1      | Reached XP level 2. HP: 15/15 MP: 6/8
  1114 | D:2      | You fall into a shaft and drop 1 floor!
  1181 | D:3      | Reached XP level 3. HP: 19/19 MP: 6/9
  1240 | D:3      | Reached skill level 3 in Stealth
  1448 | D:3      | Reached skill level 3 in Dodging
  1451 | D:3      | Killed from afar by an orc wizard

Vanquished Creatures
  5 orcs (D:3)
  3 endoplasms (D:1)
  2 giant cockroaches
  2 goblins (D:1)
  3 hobgoblins (D:1)
  2 jackals (D:1)
  8 kobolds
  A quokka (D:1)
  A frilled lizard (D:1)
  4 rats (D:1)
31 creatures vanquished.

Table legend: (Time is in decaauts)
 A = Elapsed time spent in this place.
 B = Non-inter-level travel time spent in this place.
 C = Inter-level travel time spent in this place.
 D = Time resting spent in this place.
 E = Time spent auto-exploring this place.
 F = Levels seen in this place.
 G = Mean time per level.
                   A        B        C        D        E       F      G
               +--------+--------+--------+--------+--------+-----+--------+
         Total |   1473 |   1429 |     44 |      0 |   1267 |   3 |  491.0 |
       Dungeon |   1473 |   1429 |     44 |      0 |   1267 |   3 |  491.0 |
               +--------+--------+--------+--------+--------+-----+--------+

Top non-repeatable levels by time:
     D:1: 1062 daAuts
     D:3: 342 daAuts
     D:2: 68 daAuts

Table legend:
 A = Non-vault XP
 B = Vault XP
 C = Vault XP percentage of total XP
 D = Non-vault monster count
 E = Vault monster count
 F = Vault count percentage of total count
                 A         B        C        D         E       F
            +---------+---------+-------+---------+---------+-------
      Total |      57 |       0 |   0.0 |      31 |       0 |   0.0
            +---------+---------+-------+---------+---------+-------
        D:1 |      39 |       0 |   0.0 |      24 |       0 |   0.0
        D:3 |      18 |       0 |   0.0 |       7 |       0 |   0.0
            +---------+---------+-------+---------+---------+-------
